 Dungeon Crawl Stone Soup version 0.26-a0-597-gb535b0901c (webtiles) character file.

Game seed: 5919740998280552022

(classic levelgen) 249909 EnegeticOcto the Severer (level 18, -4/160 HPs)
             Began as a Deep Dwarf Fighter on Sept 1, 2020.
             Was the Champion of Makhleb.
             Slain by a deep troll (8 damage)
             ... on level 4 of the Depths.
             The game lasted 00:15:49 (16323 turns).

EnegeticOcto the Severer (Deep Dwarf Fighter)      Turns: 16323, Time: 00:15:50

Health: -4/160     AC: 25    Str: 29    XL:     18   Next: 40%
Magic:  0/21       EV: 15    Int: 21    God:    Makhleb [******]
Gold:   709        SH:  0    Dex: 14    Spells: 17/17 levels left

rFire    + + .     SeeInvis +   n - +7 battleaxe of Obsession {drain, Str+3 Dex+2}
rCold    + . .     Faith    .   (shield currently unavailable)
rNeg     + + .     Spirit   +   q - +0 plate armour
rPois    +         Reflect  .   I - +2 hat
rElec    +         Harm     .   c - +0 cloak
rCorr    .                      E - +2 pair of gloves of Gozag's Condemnation {Rampage rPois rF+ SInv}
MR       +++++                  C - +1 pair of boots {Fly}
Stlth    ..........             A - amulet of Ubunom {Spirit rF+ rC- MR+++ Int+7}
HPRegen  0.00/turn              v - ring of the Raven {*Contam rElec rC++ Stlth-}
MPRegen  0.17/turn              w - ring of Uhier {rN+ MR+ AC+4 Int+3}

@: flying, non-regenerating
A: damage resistance, heal wounds, blurry vision 1, deformed body, frail 1,
negative energy resistance 1, sense surroundings 3, no potion heal 1, no
regeneration
}: 3/15 runes: decaying, abyssal, gossamer
a: Heal Wounds, Minor Destruction, Lesser Servant of Makhleb, Major Destruction,
Greater Servant of Makhleb, Renounce Religion, Stop Flying


You were on level 4 of the Depths.
You worshipped Makhleb.
Makhleb was exalted by your worship.
You visited 7 branches of the dungeon, and saw 34 of its levels.
You visited the Abyss 1 time.
You also visited: Gauntlet.

You collected 2326 gold pieces.
You spent 1617 gold pieces at shops.

Inventory:

Hand Weapons
 a - a +0 broad axe
 b - a -1 battleaxe
 n - the +7 battleaxe of Obsession (weapon) {drain, Str+3 Dex+2}
   (You found it on level 7 of the Dungeon)

   A truly terrible weapon, it drains the life of those it strikes.
   It affects your strength (+3).
   It affects your dexterity (+2).
 p - a +3 war axe of venom
Missiles
 L - 5 throwing nets (quivered)
Armour
 c - a +0 cloak (worn)
 q - a +0 plate armour (worn)
 C - a +1 pair of boots of flying (worn)
 E - the +2 pair of gloves of Gozag's Condemnation (worn) {Rampage rPois rF+ SInv}
   (You found it on level 11 of the Dungeon)

   It protects you from fire.
   It protects you from poison.
   It lets you see invisible.
   It bestows one free step when moving towards enemies.
 I - a +2 hat (worn)
Jewellery
 u - an uncursed ring of positive energy {unknown}
 v - the ring of the Raven (left hand) {*Contam rElec rC++ Stlth-}
   (You took it off a centaur on level 8 of the Dungeon)

   [ring of attention]

   It greatly protects you from cold.
   It insulates you from electricity.
   It causes magical contamination when unequipped.
   It makes you less stealthy.
 w - the ring of Uhier (right hand) {rN+ MR+ AC+4 Int+3}
   (You took it off a centaur warrior on level 8 of the Dungeon)

   [ring of protection]

   It affects your AC (+4).
   It affects your intelligence (+3).
   It protects you from negative energy.
   It affects your resistance to hostile enchantments.
 y - the ring of Angamos {+Blink rN+ MR+ Dex+6}
   (You found it on level 8 of the Dungeon)

   [ring of dexterity]

   It affects your dexterity (+6).
   It protects you from negative energy.
   It affects your resistance to hostile enchantments.
   It lets you blink.
 A - the amulet of Ubunom (around neck) {Spirit rF+ rC- MR+++ Int+7}
   (You bought it in a shop on level 2 of the Orcish Mines)

   [amulet of guardian spirit]

   It causes incoming damage to be split between your health and magic.
   It affects your intelligence (+7).
   It protects you from fire.
   It makes you vulnerable to cold.
   It affects your resistance to hostile enchantments.
 Q - a +6 ring of intelligence {unknown}
 R - an uncursed ring of flight {unknown}
Wands
 e - a wand of disintegration (26)
 s - a wand of acid (35) {@v1}
 t - a wand of polymorph (9)
 F - a wand of paralysis (7)
 H - a wand of iceblast (28) {@v2}
 P - a wand of digging (6) {@v3}
Scrolls
 f - 9 scrolls of teleportation {@r3}
 g - 9 scrolls of remove curse {@r2}
 k - 3 scrolls of enchant weapon
 m - a scroll of enchant armour
 o - 3 scrolls of magic mapping {@r5}
 z - 2 scrolls of identify {@r1}
 B - a scroll of immolation {@r4}
 D - 4 scrolls of blinking
 N - 2 scrolls of fog
Potions
 d - 3 potions of might {@q3}
 h - 9 potions of curing {@q1}
 i - a potion of resistance {@q6}
 j - 2 potions of haste {@q4}
 l - 10 potions of heal wounds {@q2}
 r - 6 potions of ambrosia
 x - 4 potions of lignification {@q7}
 K - a potion of invisibility
 M - 3 potions of mutation
 O - 3 potions of stabbing {@q5}
 T - 3 potions of cancellation
Miscellaneous
 J - a tin of tremorstones (3/3)


   Skills:
 * Level 15.5 Fighting
 * Level 18.9 Axes
 + Level 14.3 Armour
 + Level 12.8 Dodging
   Level 6.8 Shields
 + Level 16.0 Invocations
 * Level 9.3 Evocations


You had 17 spell levels left.
You didn't know any spells.
Your spell library was empty.

Dungeon Overview and Level Annotations

Branches:
Dungeon (15/15)            Temple (1/1) D:4            Lair (4/6) D:9
  Swamp (4/4) Lair:2       Spider (4/4) Lair:4          Orc (2/2) D:11
    Elf (0/3) Orc:2        Vaults (0/5) D:13         Depths (4/5) D:15
Gauntlet (visited)

Altars:
Ashenzari
Cheibriados
Dithmenos
Elyvilon
Fedhas
Gozag
Hepliaklqana
Kikubaaqudgha
Makhleb
Nemelex Xobeh
Okawaru
Qazlal
Ru
Trog
Uskayaw
Vehumet
Wu Jian
Xom
Yredelemnul
Zin
The Shining One

Shops:
D:4 *   D:11 ([   Orc:1 =   Orc:2 *==!(

Portals:
Hell: Depths:2
Abyss: Depths:2
Pandemonium: Depths:2 Depths:3
Trove: D:15 (give +2 gold dragon scales)

Annotations:
D:8 2 runed translucent doors, 1 exclusion
D:11 2 runed translucent doors, exclusion: orange crystal statue
Lair:4 1 runed translucent door, Nuladee's ghost, journeyman TrMo
Depths:2 exclusion: 4 doors


Innate Abilities, Weirdness & Mutations

You are resistant to damage.
You can heal yourself by infusing magical energy.
You resist negative energy. (rN+)
You passively map a large area around you.
You do not regenerate.
Scrolls take you a little longer to read.
Armour fits poorly on your strangely shaped body.
You are frail. (-10% HP)
Potions are less effective at restoring your health.


Message History

You are too injured to fight recklessly!
You are too injured to fight recklessly!
You are too injured to fight recklessly!
You are too injured to fight recklessly!
You are too injured to fight recklessly!
You are too injured to fight recklessly!
You are too injured to fight recklessly!
You are too injured to fight recklessly!
You are too injured to fight recklessly!
You feel much better. The deep troll barely misses you.
The deep troll closely misses you. The deep troll claws you.
The deep troll bites you but does no damage.
The deep troll claws you. x2
The deep troll earth mage barely misses you.
The deep troll earth mage claws you but does no damage.
The deep troll earth mage claws you. The rakshasa barely misses you.
The deep troll barely misses you. The deep troll closely misses you.
The deep troll claws you but does no damage.
The deep troll bites you but does no damage.
The deep troll claws you. The deep troll misses you.
The deep troll shaman bites you but does no damage.
The deep troll shaman claws you but does no damage.
The deep troll shaman claws you. The deep troll closely misses you.
The deep troll claws you but does no damage.
The deep troll misses you. The deep troll earth mage bites you!
The deep troll earth mage closely misses you.
The deep troll earth mage claws you but does no damage.
The deep troll misses you. x2
The deep troll claws you but does no damage.
You are too injured to fight recklessly!
You are too injured to fight recklessly!
You are too injured to fight recklessly!
You are too injured to fight recklessly!
You are too injured to fight recklessly!
You are too injured to fight recklessly!
You are too injured to fight recklessly!
You are too injured to fight recklessly!
You are too injured to fight recklessly!
You are too injured to fight recklessly!
You are too injured to fight recklessly!
You are too injured to fight recklessly!
You are too injured to fight recklessly!
You closely miss the deep troll shaman.
The deep troll shaman is moderately wounded.
You hit the rakshasa. You hit the deep troll. You drain the deep troll.
You hit the deep troll but do no damage.
You drain the deep troll. You barely miss the deep troll.
You hit the deep troll. You drain the deep troll.
You slash the deep troll earth mage! You drain the deep troll earth mage.
The deep troll barely misses you.
The deep troll claws you but does no damage.
The deep troll claws you. The deep troll misses you. x2
The deep troll completely misses you. The rakshasa misses you.
The deep troll earth mage bites you but does no damage.
The deep troll earth mage misses you.
The deep troll earth mage barely misses you.
A stone giant comes into view.
The deep troll shaman calls upon its god to strengthen the deep troll.
The deep troll seems to grow stronger.
The deep troll bites you!
* * * LOW HITPOINT WARNING * * *
The deep troll claws you but does no damage. x2
You feel much better. The deep troll bites you.
The deep troll barely misses you. The deep troll misses you.
A yaktaur comes into view.
The deep troll bites you!
The deep troll claws you but does no damage.
The deep troll barely misses you.
The deep troll earth mage closely misses you.
The deep troll earth mage claws you!
* * * LOW HITPOINT WARNING * * *
The deep troll earth mage misses you. The deep troll bites you!!
* * * LOW HITPOINT WARNING * * *
The deep troll claws you but does no damage.
The deep troll claws you.
The rakshasa hits you with a +0 long sword.
The deep troll bites you!
* * * LOW HITPOINT WARNING * * *
The deep troll claws you but does no damage. x2
The deep troll shaman bites you but does no damage.
The deep troll shaman closely misses you.
The deep troll shaman claws you but does no damage.
Really read with blurry vision while enemies are nearby? [Y]es or [N]o only, please.
Really read with blurry vision while enemies are nearby? [Y]es or [N]o only, please.
Really read with blurry vision while enemies are nearby? [Y]es or [N]o only, please.
Really read with blurry vision while enemies are nearby? [Y]es or [N]o only, please.
Really read with blurry vision while enemies are nearby?
The deep troll earth mage bites you but does no damage.
The deep troll earth mage closely misses you.
The deep troll earth mage claws you but does no damage.
You begin reading the scroll.
You continue reading the scroll.
The deep troll earth mage bites you but does no damage.
The deep troll earth mage claws you!
* * * LOW HITPOINT WARNING * * *
The deep troll earth mage misses you. The deep troll completely misses you.
The deep troll claws you!
You die...

, * * , , ..
#...###### * * *
/###......... ,,,
, ,* ,............
, ,,, *
...>....C.., ,, ,
, ,.....T.... * ,
, #.V..T.c,. , *
,*,#..###RTTT#c...
, * *#...T@TTc# ,
, ,, ,** *
*#.....TTQ#.... ,
, #####.#H## ,. ,
,, , * * .# ##
,,,, , *.#,* ** **
<* .# * * * ,,, ##
,,** * ,,, ,, + ,
* , **


You could see a sphinx, 2 iron trolls, a stone giant, a vampire knight (fast,
invisible), a rakshasa, a tengu warrior, 6 deep trolls, a deep troll earth mage
(fast, strong, drained), a deep troll shaman (drained) and 3 yaktaurs.

Vanquished Creatures
  Rupert (D:14)
  A lich (Abyss:3)
  7 tentacled starspawn
  A thorn hunter (Swamp:2)
  Gastronok (D:10)
  Frances (D:14)
  2 fire giants
  A balrug (Abyss:3)
  A cacodemon (Abyss:1)
  4 ghost moths
  3 frost giants (Depths:2)
  A draconian annihilator (Abyss:3)
  3 emperor scorpions (Spider:4)
  A stone giant (shapeshifter) (Abyss:1)
  A stone giant (Depths:2)
  2 entropy weavers
  3 vampire knights
  2 spark wasps
  A minotaur (Gauntlet)
  A blizzard demon (Abyss:3)
  Snorg (Lair:3)
  2 ettins (Depths:4)
  A fire dragon (Depths:3)
  2 jiangshi (Depths:4)
  Harold (Orc:1)
  2 great orbs of eyes
  Josephine (Lair:4)
  10 hydras
  3 rakshasas
  7 ogre magi
  A shambling mangrove (Swamp:2)
  5 vault guards (D:13)
  A ghost crab (Swamp:4)
  30 two-headed ogres
  4 centaur warriors
  A deep troll shaman (Depths:2)
  4 alligators
  A vampire mage (Depths:4)
  3 deep troll earth magi
  A tengu warrior (D:14)
  7 thrashing horrors
  2 wretched stars
  Urug (Lair:4)
  3 spatial maelstroms
  A shadow wraith (Abyss:3)
  A golden dragon zombie (Abyss:1)
  A sixfirhy (Abyss:1)
  8 swamp dragons
  A flayed ghost (Depths:2)
  A glowing orange brain (Depths:1)
  25 starcursed masses
  An unseen horror (D:8)
  2 deep trolls (Depths:2)
  An orc knight (Orc:1)
  12 large abominations
  2 shining eyes (Abyss:1)
  5 orb spiders
  13 wolf spiders
  An orc sorcerer (D:13)
  4 manticores
  3 cyclopes
  A moth of wrath (Spider:3)
  17 ugly things
  2 worldbinders
  An apocalypse crab (Abyss:1)
  A titan simulacrum (Abyss:1)
  Maurice (Orc:2)
  A black mamba (Lair:3)
  11 elephants
  2 guardian serpents
  2 torpor snails
  Psyche (D:9)
  2 gargoyles (D:13)
  9 cane toads
  A smoke demon (Abyss:3)
  11 rime drakes (Lair:3)
  2 orange demons
  A hellion (Abyss:3)
  Maggie (D:7)
  4 komodo dragons
  3 yaktaurs
  4 kobold demonologists
  A redback zombie (D:14)
  4 demonic crawlers
  A tengu conjurer (D:13)
  An ice devil (Gauntlet)
  A hellwing (Abyss:3)
  A silent spectre (Abyss:1)
  3 ancient zymes
  6 trolls
  A jumping spider (shapeshifter) (Depths:2)
  5 tyrant leeches
  A polar bear (Lair:4)
  A queen bee (Gauntlet)
  Grinder (D:5)
  11 jumping spiders
  7 hornets
  4 slime creatures
  2 raiju
  3 blink frogs (Lair:4)
  8 hippogriffs
  2 bog bodies
  37 redbacks
  13 flying skulls
  A spriggan (Swamp:4)
  A centaur simulacrum (D:15)
  19 tarantellas
  24 yaks
  3 shadows
  10 small abominations
  A yak (shapeshifter) (D:15)
  3 wyverns
  3 chaos spawn
  A human (D:13)
  10 wraiths
  A ynoxinul (Abyss:1)
  4 basilisks
  Eustachio (D:5)
  9 steam dragons (Lair:3)
  3 spatial vortices
  13 vampire mosquitoes
  2 acid dragons
  5 insubstantial wisps
  3 wargs
  12 swamp worms
  7 water moccasins
  4 porcupines
  21 orc warriors
  Duvessa (D:7)
  3 sky beasts
  11 swamp drakes
  38 ogres
  2 phantoms
  2 black bears
  14 centaurs
  4 big kobolds
  8 crocodiles
  10 bullfrogs
  2 wyvern zombies
  An earth elemental (Abyss:3)
  Dowan (D:7)
  3 scorpions
  17 killer bees
  7 wights
  3 howler monkeys (D:8)
  An electric eel (Lair:2)
  A bullfrog zombie (D:10)
  2 human zombies (D:8)
  4 centaur zombies
  A quasit (Abyss:3)
  11 hounds
  19 orc priests
  3 centaur skeletons
  3 jellies
  4 bullfrog skeletons
  4 iron imps (Abyss:1)
  29 orc wizards
  5 iguanas
  Natasha (D:2)
  9 worker ants
  A hound zombie (D:8)
  9 gnolls
  A howler monkey skeleton (D:5)
  13 adders
  2 shadow imps
  6 white imps
  4 ufetubi
  An ooze (D:4)
  3 adder skeletons
  4 worms
  6 leopard geckos
  84 orcs
  4 giant cockroaches
  2 goblins
  A hobgoblin (D:3)
  3 jackals (D:1)
  6 kobolds
  3 quokkas
  A ball python (D:8)
  3 bats
  4 frilled lizards
  2 leopard gecko skeletons
  A rat (D:1)
  A lurking horror (Abyss:1)
  6 starspawn tentacles
962 creatures vanquished.

Vanquished Creatures (collateral kills)
  the Lernaean hydra (Swamp:4)
  A tentacled starspawn (Abyss:4)
  A ghost moth (Spider:4)
  11 hydras
  A spatial maelstrom (Abyss:4)
  A wretched star (Abyss:4)
  6 swamp dragons
  5 orb spiders (Spider:4)
  6 wolf spiders
  A demonic crawler (Spider:4)
  3 jumping spiders (Spider:4)
  A hornet (Swamp:4)
  2 bog bodies (Swamp:4)
  A raiju (Abyss:4)
  4 tarantellas
  2 spriggans (Swamp:4)
  6 redbacks
  A starcursed mass (Abyss:4)
  A chaos spawn (Abyss:4)
  3 vampire mosquitoes (Swamp:2)
  4 swamp drakes (Swamp:4)
62 creatures vanquished.

Vanquished Creatures (others)
  An orc (D:9)
  A quokka (D:14)
  8 fungi
  8 plants
  15 starspawn tentacles
33 creatures vanquished.

Grand Total: 1057 creatures vanquished

Notes
Turn   | Place    | Note
-------+----------+-------------------------------------------
     0 | D:1      | EnegeticOcto the Deep Dwarf Fighter began the quest for the
                  | Orb.
     0 | D:1      | Reached XP level 1. HP: 20/20 MP: 1/1
   129 | D:1      | Reached XP level 2. HP: 22/27 MP: 2/2
   143 | D:2      | Noticed Natasha
   153 | D:2      | Noticed a crimson imp
   155 | D:2      | Killed Natasha
   155 | D:2      | Reached skill level 3 in Axes
   155 | D:2      | Reached XP level 3. HP: 21/33 MP: 2/2
   350 | D:4      | Reached XP level 4. HP: 35/42 MP: 3/3
   358 | D:4      | Noticed an ogre
   366 | D:4      | Killed an ogre
   366 | D:4      | Reached skill level 4 in Axes
   366 | D:4      | Reached XP level 5. HP: 49/49 MP: 3/3
   525 | D:4      | Reached XP level 6. HP: 56/56 MP: 3/3
   547 | D:4      | Found Wamodgh's Assorted Antiques.
   593 | D:4      | Bought a scroll labeled XOS YGI ZIRGHI for 28 gold pieces
   593 | D:4      | Bought a scroll labeled MAZXABLIPO for 28 gold pieces
   644 | D:4      | Found a staircase to the Ecumenical Temple.
   692 | D:4      | Found a shadowy altar of Dithmenos.
   750 | Temple   | Entered the Ecumenical Temple
   821 | Temple   | Became a worshipper of Makhleb the Destroyer
  1084 | D:4      | Reached skill level 5 in Axes
  1084 | D:4      | Reached skill level 1 in Invocations
  1149 | D:5      | Entered Level 5 of the Dungeon
  1165 | D:5      | Noticed Grinder
  1182 | D:5      | Paralysed by Grinder for 6 turns
  1196 | D:5      | Reached XP level 7. HP: 49/64 MP: 5/5
  1200 | D:5      | Killed Grinder
  1200 | D:5      | Reached skill level 5 in Armour
  1200 | D:5      | Reached skill level 5 in Shields
  1259 | D:5      | Reached skill level 6 in Axes
  1455 | D:5      | Got a steaming steel amulet
  1661 | D:5      | Reached * piety under Makhleb
  1676 | D:5      | Noticed Eustachio
  1683 | D:5      | Killed Eustachio
  1683 | D:5      | Reached XP level 8. HP: 42/73 MP: 6/6
  2047 | D:6      | Reached skill level 7 in Axes
  2567 | D:6      | Found a shadowy altar of Dithmenos.
  2567 | D:6      | Found a sparkling altar of Nemelex Xobeh.
  2572 | D:6      | Found a bloodstained altar of Trog.
  2574 | D:6      | Found a blossoming altar of Fedhas.
  2575 | D:6      | Found an opulent altar of Gozag.
  2669 | D:6      | Identified the amulet of the Tuna {Acrobat rPois rC- rN++
                  | Int+4 Stlth-} (You found it on level 5 of the Dungeon)
  2675 | D:7      | Noticed Maggie
  2686 | D:7      | Killed Maggie
  2686 | D:7      | Reached skill level 5 in Fighting
  2765 | D:7      | Reached skill level 8 in Axes
  2765 | D:7      | Reached skill level 5 in Invocations
  2804 | D:7      | Gained mutation: You passively map the area around you.
                  | [Deep Dwarf growth]
  2804 | D:7      | Reached XP level 9. HP: 45/81 MP: 8/8
  2848 | D:7      | Reached ** piety under Makhleb
  2892 | D:7      | Noticed Dowan
  2904 | D:7      | Killed Dowan
  2908 | D:7      | Noticed Duvessa
  2922 | D:7      | Killed Duvessa
  3615 | D:7      | Got a masterwork battleaxe
  3621 | D:7      | Identified the +7 battleaxe of Obsession {drain, Str+3
                  | Dex+2} (You found it on level 7 of the Dungeon)
  3687 | D:8      | Reached skill level 9 in Axes
  3734 | D:8      | Reached skill level 1 in Dodging
  3775 | D:8      | Reached *** piety under Makhleb
  4026 | D:8      | Found a basalt altar of Yredelemnul.
  4113 | D:8      | Found a runed translucent door.
  4114 | D:8      | Found a runed translucent door.
  4114 | D:8      | Noticed a yaktaur
  4115 | D:8      | Found a runed translucent door.
  4115 | D:8      | Noticed a kobold demonologist
  4264 | D:8      | Identified the ring of Uhier {rN+ MR+ AC+4 Int+3}
  4264 | D:8      | Noticed a centaur warrior
  4268 | D:8      | Killed a kobold demonologist
  4276 | D:8      | Killed a yaktaur
  4276 | D:8      | Reached XP level 10. HP: 69/91 MP: 9/11
  4295 | D:8      | Killed a centaur warrior
  4295 | D:8      | Reached skill level 10 in Axes
  4296 | D:8      | Identified the ring of the Raven {*Contam rElec rC++
                  | Stlth-}
  4297 | D:8      | Killed an unseen horror
  4301 | D:8      | Noticed a manticore
  4325 | D:8      | Killed a manticore
  4388 | D:8      | Identified the ring of the Failed Coup {rElec rC+ Str+3
                  | Stlth+}
  4435 | D:8      | Found a runed translucent door.
  4458 | D:8      | Got an ancient steel ring
  4482 | D:8      | Identified the ring of Angamos {+Blink rN+ MR+ Dex+6} (You
                  | found it on level 8 of the Dungeon)
  4611 | D:9      | Reached **** piety under Makhleb
  4653 | D:9      | Found a staircase to the Lair.
  4653 | D:9      | Noticed an elephant
  4655 | D:9      | Reached skill level 11 in Axes
  4673 | D:9      | Killed an elephant
  4673 | D:9      | Reached XP level 11. HP: 100/100 MP: 13/13
  4690 | D:9      | Found a burning altar of Makhleb.
  4726 | D:9      | Noticed Psyche
  4738 | D:9      | Killed Psyche
  4745 | D:9      | Noticed a two-headed ogre
  4749 | D:9      | Killed a two-headed ogre
  4957 | D:9      | You fall into a shaft and drop 3 floors!
  5005 | D:12     | Noticed a brown ugly thing
  5014 | D:12     | Killed a brown ugly thing
  5014 | D:12     | Reached skill level 5 in Dodging
  5499 | D:11     | Found Haises's Armour Shoppe.
  5501 | D:11     | Found a staircase to the Orcish Mines.
  5506 | D:11     | Found Guddocim's Weapon Shoppe.
  5512 | D:11     | Reached ***** piety under Makhleb
  5526 | D:11     | Bought a +1 pair of boots of flying for 214 gold pieces
  5619 | D:11     | Reached skill level 12 in Axes
  5636 | D:11     | Found a runed translucent door.
  5656 | D:11     | Found the +10 tower shield of Ignorance {rN+ Int-4}
  5702 | D:11     | Found a runed translucent door.
  5703 | D:11     | Noticed an orange crystal statue
  5780 | D:11     | Noticed a brown ugly thing
  5784 | D:11     | Killed a brown ugly thing
  5790 | D:11     | Identified the +2 pair of gloves of Gozag's Condemnation
                  | {Rampage rPois rF+ SInv} (You found it on level 11 of the
                  | Dungeon)
  5793 | D:11     | Noticed a red ugly thing
  5806 | D:11     | Killed a red ugly thing
  5940 | D:11     | Noticed a brown ugly thing
  5951 | D:11     | Killed a brown ugly thing
  5951 | D:11     | Reached XP level 12. HP: 112/112 MP: 15/15
  6361 | D:10     | Entered Level 10 of the Dungeon
  6481 | D:10     | Noticed a two-headed ogre
  6489 | D:10     | Killed a two-headed ogre
  6670 | D:10     | Noticed Gastronok
  6679 | D:10     | Killed Gastronok
  6679 | D:10     | Reached skill level 10 in Invocations
  6971 | Orc:1    | Entered Level 1 of the Orcish Mines
  6971 | Orc:1    | Noticed Harold
  6985 | Orc:1    | Killed Harold
  7087 | Orc:1    | Noticed a two-headed ogre
  7096 | Orc:1    | Killed a two-headed ogre
  7096 | Orc:1    | Reached skill level 13 in Axes
  7121 | Orc:1    | Found Itwieqex's Jewellery Shop.
  7146 | Orc:1    | Reached skill level 10 in Armour
  7186 | Orc:1    | Reached ****** piety under Makhleb
  7359 | Orc:2    | Entered Level 2 of the Orcish Mines
  7363 | Orc:2    | Noticed a two-headed ogre
  7367 | Orc:2    | Noticed a two-headed ogre
  7370 | Orc:2    | Noticed a two-headed ogre
  7373 | Orc:2    | Noticed a two-headed ogre
  7374 | Orc:2    | Killed a two-headed ogre
  7375 | Orc:2    | Noticed an ogre mage
  7380 | Orc:2    | Killed a two-headed ogre
  7380 | Orc:2    | Reached skill level 10 in Fighting
  7385 | Orc:2    | Killed a two-headed ogre
  7386 | Orc:2    | Killed a two-headed ogre
  7386 | Orc:2    | Noticed a two-headed ogre
  7387 | Orc:2    | Reached XP level 13. HP: 116/123 MP: 17/17
  7423 | Orc:2    | Reached skill level 14 in Axes
  7458 | Orc:2    | Found Teryzeuf's Jewellery Boutique.
  7458 | Orc:2    | Found Sipnohaa's Distillery.
  7459 | Orc:2    | Found Pepeugh's Jewellery Emporium.
  7459 | Orc:2    | Found Notal's Antique Weapon Shop.
  7478 | Orc:2    | Bought 2 potions of heal wounds for 130 gold pieces
  7478 | Orc:2    | Bought a potion of mutation for 104 gold pieces
  7549 | Orc:2    | Noticed Maurice
  7558 | Orc:2    | Killed Maurice
  7576 | Orc:2    | Found Burin's Assorted Antiques.
  7586 | Orc:2    | Bought a scroll of fog for 44 gold pieces
  7652 | Orc:2    | Found a staircase to the Elven Halls.
  7881 | Lair:1   | Entered Level 1 of the Lair of Beasts
  7994 | Lair:1   | Found a gate leading to a gauntlet.
  8031 | Gauntlet | Entered a Gauntlet
  8031 | Gauntlet | Found a transporter.
  8044 | Gauntlet | Found a transporter.
  8070 | Gauntlet | Found a transporter.
  8070 | Gauntlet | Found a transporter.
  8084 | Gauntlet | Found a transporter.
  8084 | Gauntlet | Found a transporter.
  8085 | Gauntlet | Found a transporter.
  8105 | Gauntlet | Found a transporter.
  8105 | Gauntlet | Found a transporter.
  8105 | Gauntlet | Found a transporter.
  8142 | Gauntlet | Found a transporter.
  8142 | Gauntlet | Found a transporter.
  8179 | Gauntlet | Found a transporter.
  8188 | Gauntlet | Found a runed translucent door.
  8189 | Gauntlet | Found a runed translucent door.
  8191 | Gauntlet | Found a transporter.
  8219 | Gauntlet | Noticed a minotaur
  8229 | Gauntlet | Killed a minotaur
  8229 | Gauntlet | Gained mutation: You resist negative energy. (rN+) [Deep
                  | Dwarf growth]
  8229 | Gauntlet | Reached XP level 14. HP: 135/135 MP: 19/19
  8239 | Gauntlet | Identified the Catalogue of Stones and Bewitchment
  8854 | Lair:2   | Found a staircase to the Swamp.
  8983 | Lair:3   | Reached skill level 15 in Axes
  9034 | Lair:3   | Noticed Snorg
  9051 | Lair:3   | Killed Snorg
  9691 | Lair:4   | Found a hole to the Spider Nest.
  9703 | Lair:4   | Noticed Urug
  9709 | Lair:4   | Killed Urug
  9768 | Lair:4   | Noticed Josephine
  9781 | Lair:4   | Killed Josephine
  9803 | Lair:4   | Found a runed translucent door.
  9804 | Lair:4   | Noticed Nuladee's ghost (journeyman TrMo)
 10384 | Orc:2    | Bought the amulet of Ubunom {Spirit rF+ rC- MR+++ Int+7}
                  | for 1069 gold pieces
 10540 | Spider:1 | Entered Level 1 of the Spider Nest
 10688 | Spider:3 | Reached skill level 10 in Dodging
 10696 | Spider:3 | Reached XP level 15. HP: 139/146 MP: 0/20
 10836 | Spider:3 | Noticed a ghost moth
 10851 | Spider:3 | Killed a ghost moth
 10902 | Spider:4 | Entered Level 4 of the Spider Nest
 10918 | Spider:4 | Reached skill level 16 in Axes
 10998 | Spider:4 | Noticed a ghost moth
 11006 | Spider:4 | Killed a ghost moth
 11036 | Spider:4 | Noticed a ghost moth
 11040 | Spider:4 | Noticed a ghost moth
 11045 | Spider:4 | Killed a ghost moth
 11057 | Spider:4 | Killed a ghost moth
 11069 | Spider:4 | Noticed a ghost moth
 11080 | Spider:4 | Killed a ghost moth
 11104 | Spider:4 | Got a gossamer rune of Zot
 11321 | Swamp:1  | Entered Level 1 of the Swamp
 11382 | Swamp:2  | Noticed a thorn hunter
 11388 | Swamp:2  | Killed a thorn hunter
 11459 | Swamp:2  | Reached XP level 16. HP: 73/157 MP: 0/22
 11540 | Swamp:3  | Reached skill level 17 in Axes
 11546 | Swamp:4  | Entered Level 4 of the Swamp
 11765 | Swamp:4  | Noticed the 27-headed Lernaean hydra
 11771 | Swamp:4  | Killed the 27-headed Lernaean hydra
 11803 | Swamp:4  | Got a decaying rune of Zot
 12615 | D:13     | Found a gate to the Vaults.
 12979 | D:14     | Noticed Rupert
 12997 | D:14     | Killed Rupert
 13151 | D:14     | Noticed Frances
 13170 | D:14     | Killed Frances
 13274 | D:14     | Found a white marble altar of Elyvilon.
 13552 | D:15     | Entered Level 15 of the Dungeon
 13621 | D:15     | Found a glowing golden altar of the Shining One.
 13634 | D:15     | Reached skill level 1 in Evocations
 13685 | D:15     | Reached skill level 15 in Invocations
 13687 | D:15     | Reached XP level 17. HP: 168/168 MP: 0/23
 13816 | D:15     | Found a staircase to the Depths.
 13989 | D:15     | Found a portal to a secret trove of treasure.
 14114 | Depths:1 | Entered Level 1 of the Depths
 14221 | Depths:2 | Reached skill level 18 in Axes
 14290 | Depths:2 | Found a one-way gate to the infinite horrors of the Abyss.
 14292 | Depths:2 | Found a one-way gate leading to the halls of Pandemonium.
 14293 | Depths:2 | Found a gateway to Hell.
 14326 | Depths:2 | Voluntarily entered the Abyss.
 14450 | Abyss:1  | Found a corrupted altar of Lugonu.
 14548 | Abyss:1  | Reached skill level 5 in Evocations
 15104 | Abyss:1  | Gained mutation: You are frail. (-10% HP) [a shining eye]
 15105 | Abyss:1  | Gained mutation: Scrolls take you a little longer to read.
                  | [a shining eye]
 15107 | Abyss:1  | Gained mutation: Armour fits poorly on your strangely
                  | shaped body. [a shining eye]
 15110 | Abyss:1  | Gained mutation: Potions are less effective at restoring
                  | your health. [a shining eye]
 15314 | Abyss:1  | Reached skill level 15 in Fighting
 15602 | Abyss:3  | Noticed a lich
 15614 | Abyss:3  | Killed a lich
 15787 | Abyss:3  | Gained mutation: You passively map a large area around you.
                  | [Deep Dwarf growth]
 15787 | Abyss:3  | Reached XP level 18. HP: 159/160 MP: 0/21
 15895 | Abyss:4  | Paralysed by accursed screaming for 1 turns
 15920 | Abyss:4  | Got an abyssal rune of Zot
 15931 | Depths:2 | Escaped the Abyss
 16323 | Depths:4 | HP: 4/160 [deep troll earth mage (12)]
 16323 | Depths:4 | Slain by a deep troll

Illustrated notes

Levels and vault maps discovered:
D:1:      wander_arrival_estate, layout_loops_ring, minmay_pentomino_z4
D:2:      layout_loops_ring, hex_large,
          nicolae_gozag_cash_rules_everything_around_me, uniq_natasha,
          uniq_crazy_yiuf_cottage, uniq_jessica
D:3:      layout_loops_corners, dk_noncrumbling_3, minmay_misc_feat_encased,
          grunt_ministairs_7, uniq_robin
D:4:      layout_basic, minmay_temple_entry_proselytizer, serial_shops, shop,
          nicolae_dithmenos_through_a_glass_darkly
D:5:      layout_loops_ring, serial_rivers, chequers_serial_rivers_marsh,
          chequers_serial_rivers_room_b, chequers_serial_rivers_room_a,
          chequers_serial_rivers_large_a, chequers_serial_rivers_small_a,
          uniq_grinder, uniq_eustachio
D:6:      layout_loops_corners, chequers_temple_overflow_minitemple
D:7:      layout_loops_ring, roderic_roman_lattice,
          hangedman_decor_clover_reticule, uniq_maggie, uniq_duvessa
D:8:      minmay_the_grid_triangle_9x9_rhombus_thin
          [minmay_the_grid_triangle_9x9_stretched_checkered,
          minmay_the_grid_triangle_9x9_prize_special,
          minmay_the_grid_triangle_9x9_fully_insulated_deathbox,
          minmay_the_grid_triangle_9x9_subtriangle], layout_loops_cross,
          lemuel_mausoleum_altar_yredelemnul, minmay_misc_feat_roman
D:9:      layout_basic, marbit_many_paths, david_lair_generic,
          hangedman_decor_lopped, bloody_makhleb, uniq_psyche
D:10:     layout_loops_ring, uniq_gastronok
D:11:     layout_cave_pods, orc_david_3, chequers_guarded_unrand_ignorance
D:12:     layout_cave_pools, kennysheep_generic_room_8
D:13:     layout_roguey, grunt_vaults_entry_fortified
D:14:     layout_basic, elyvilon_altar_4, uniq_frances, uniq_rupert
D:15:     hangedman_depths_entry_try_elsewhere_first, layout_basic,
          tso_metal_star, nicolae_trove_entry_diagonal
Temple:   regret_index_temple_waves
Lair:1:   layout_loops_ring, gauntlet_entry_generic
Lair:2:   layout_small_grid, nicolae_swamp_entry_splash_gauntlet,
          grunt_forest_stairs_basic
Lair:3:   layout_roguey, bobbens_dragon_lair_wall, infiniplex_staircase_pool_2,
          uniq_snorg
Lair:4:   layout_roguey, spider_nest_entry_webs, ebering_ghost_inner_flame,
          serial_bayou_shore_a, uniq_urug, uniq_josephine
Swamp:1:  layout_basic_swamp, evilmike_swamp_ruin_house_4, uniq_donald,
          uniq_jorgrun, uniq_aizul
Swamp:2:  layout_basic_swamp, nicolae_swamp_very_dense_foliage, swamp_pool5,
          st_swamp_ruins_2
Swamp:3:  layout_basic_swamp, infiniplex_staircase_pool
Swamp:4:  swamp_basic_johnstein, layout_basic_swamp, swamp_pool2
Spider:1: layout_spider_delve
Spider:2: gammafunk_the_bubble [the_bubble_gammafunk_split], drop_trap,
          nicolae_orb_island, uniq_nikola
Spider:3: layout_spider_delve
Spider:4: grunt_spider_rune_parallel
Orc:1:    layout_caves, minmay_shop_enchanted_jewellery, uniq_harold
Orc:2:    st_orc_ogre_mass, layout_caves, serial_shops, nicolae_shop_trees,
          uniq_maurice
Depths:1: layout_basic, hell_entry, rand_demon_pan_entry_9,
          nicolae_two_hexagons, nrook_uturn, glass_columns_a, kb_rosetta
Depths:2: hangedman_slaughterboxes, hell_entry, pan_entry, abyss_entry
Depths:3: hangedman_box_tower, layout_cave_shapes, hellmouth_1, pan_entry,
          minmay_staircase_windowed_large
Depths:4: due_jory_tower, layout_twisted_cross, hangedman_coc_ice_floe,
          serial_shops, nicolae_shop_statue_plus, abyss_entry_small_statue_room,
          infiniplex_staircase_diamond

Skill      XL: |  1  2  3  4  5  6  7  8  9 10 11 12 13 14 15 16 17 18 |
---------------+-------------------------------------------------------+-----
Axes           | 3 4 5 6 8 9 11 12 13 14 15 16 17 18 | 18.9
Fighting       | 3 4 5 6 7 8 10 11 12 13 14 15 | 15.5
Armour         | 4 5 6 7 8 9 10 11 12 13 14 | 14.3
Shields        | 4 5 6 |  6.8
Invocations    | 1 3 5 6 8 9 10 12 13 14 15 16 | 16.0
Dodging        | 2 4 6 7 8 10 11 12 | 12.8
Evocations     | 2 7 9 |  9.3

Action                   |  1- 3 |  4- 6 |  7- 9 | 10-12 | 13-15 | 16-18 || total
-------------------------+-------+-------+-------+-------+-------+-------++-------
Melee: War axe           |    76 |    94 |   222 |       |       |       ||   392
       Battleaxe         |       |       |    89 |   441 |   752 |  1105 ||  2387
Invok: Lesser Servant of |       |       |       |       |     9 |     5 ||    14
       Greater Servant o |       |       |       |       |     3 |     5 ||     8
 Abil: Heal Wounds       |     2 |     6 |     4 |     4 |     2 |    15 ||    33
  Use: Scroll            |       |     8 |     8 |     6 |     8 |     2 ||    32
       Potion            |       |       |       |       |     5 |       ||     5
 Stab: Invisible         |       |       |       |     4 |       |       ||     4
       Distracted        |       |       |       |       |     3 |     4 ||     7
       Petrifying        |       |       |       |       |       |     1 ||     1
Armor: Scale mail        |    56 |    34 |     3 |       |       |       ||    93
       Plate armour      |       |       |   147 |   313 |   894 |   741 ||  2095
Dodge: Dodged            |    38 |    40 |    65 |   291 |   857 |   762 ||  2053
Block: Kite shield       |    52 |    57 |   105 |       |       |       ||   214

Table legend: (Time is in decaauts)
 A = Elapsed time spent in this place.
 B = Non-inter-level travel time spent in this place.
 C = Inter-level travel time spent in this place.
 D = Time resting spent in this place.
 E = Time spent auto-exploring this place.
 F = Levels seen in this place.
 G = Mean time per level.
                   A        B        C        D        E       F      G
               +--------+--------+--------+--------+--------+-----+--------+
         Total |  16294 |  14500 |   1794 |     41 |   9665 |  39 |  417.8 |
       Dungeon |   9268 |   8221 |   1047 |      0 |   6106 |  15 |  617.9 |
        Temple |    113 |     74 |     39 |      0 |     64 |   1 |  113.0 |
          Lair |   2414 |   2105 |    309 |      0 |   1692 |   4 |  603.5 |
         Swamp |    587 |    451 |    136 |      0 |     88 |   4 |  146.8 |
   Spider Nest |    681 |    538 |    143 |     41 |     76 |   4 |  170.2 |
  Orcish Mines |    946 |    840 |    106 |      0 |    510 |   2 |  473.0 |
        Depths |    563 |    553 |     10 |      0 |    252 |   4 |  140.8 |
         Abyss |   1504 |   1504 |      0 |      0 |    848 |   4 |  376.0 |
      Gauntlet |    214 |    214 |      0 |      0 |     28 |   1 |  214.0 |
               +--------+--------+--------+--------+--------+-----+--------+

Top non-repeatable levels by time:
    D:11: 1031 daAuts
     D:7: 999 daAuts
 Abyss:1: 968 daAuts
     D:8: 931 daAuts
     D:6: 843 daAuts
     D:4: 796 daAuts
  Lair:4: 770 daAuts
  Lair:2: 746 daAuts
     D:5: 727 daAuts
    D:13: 725 daAuts
  Lair:3: 690 daAuts
    D:10: 686 daAuts
    D:14: 611 daAuts
    D:12: 593 daAuts
    D:15: 554 daAuts
